 Dungeon Crawl Stone Soup version 0.21.0-3-g78d12a8 (webtiles) character file.

19 Ignatius881 the Conjurer (level 2, -4/15 HPs)
             Began as a Deep Elf Conjurer on Jan 9, 2018.
             Slain by a hobgoblin
             ... wielding a +0 club
              (5 damage)
             ... on level 2 of the Dungeon.
             The game lasted 00:02:24 (1264 turns).

Ignatius881 the Conjurer (Deep Elf Conjurer)        Turns: 1264, Time: 00:02:24

Health: -4/15      AC:  2    Str:  5    XL:     2   Next: 55%
Magic:  1/8        EV: 13    Int: 19    God:
Gold:   27         SH:  0    Dex: 15    Spells: 4/7 levels left

rFire    . . .     SeeInvis .   k - +0 dagger (pain)
rCold    . . .     Gourm    .   (no shield)
rNeg     . . .     Faith    .   a - +0 robe
rPois    .         Spirit   .   (no helmet)
rElec    .         Reflect  .   (no cloak)
rCorr    .         Harm     .   (no gloves)
MR       .....                  (no boots)
Stlth    ++........             (no amulet)
HPRegen  0.05/turn              (no ring)
MPRegen  0.11/turn              (no ring)

@: very slightly contaminated
A: no striking features
a: no special abilities


You were on level 2 of the Dungeon.
You were not hungry.

You visited 1 branch of the dungeon, and saw 2 of its levels.

You collected 27 gold pieces.

Inventory:

Hand Weapons
 k - a +0 dagger of pain (weapon)
   (You took it off a goblin on level 2 of the Dungeon)
Missiles
 g - 54 stones (quivered)
Armour
 a - a +0 robe (worn)
Scrolls
 f - a scroll of remove curse {unknown}
 h - a scroll of identify {unknown}
 l - a scroll of amnesia {unknown}
Potions
 b - a potion of degeneration {unknown}
 d - 2 potions of ambrosia {unknown}
 j - a potion of haste {unknown}
Books
 e - a book of Conjurations
Comestibles
 c - 2 rations
 i - 4 chunks of flesh


   Skills:
 + Level 2.8 Dodging
 - Level 2.4 Stealth
 + Level 3.3 Spellcasting
 * Level 4.8 Conjurations


You had 4 spell levels left.
You knew the following spells:

 Your Spells              Type           Power        Failure   Level  Hunger
a - Magic Dart            Conj           ###.         1%          1    None
b - Searing Ray           Conj           ###...       3%          2    ##.....


Dungeon Overview and Level Annotations

Branches:
Dungeon (2/15)

Altars:


Message History

You open the door.
A hobgoblin comes into view. It is wielding a club.
Aim: a hobgoblin, wielding a club (resting)
You miscast Magic Dart.
You are very lightly contaminated with residual magic.
Nothing appears to happen.
Aim: a hobgoblin, wielding a club (resting)
The searing ray hits the hobgoblin.
The hobgoblin shouts! (Press . to maintain the ray.)
You hear a shout!
The searing ray hits the hobgoblin.
You kill the hobgoblin!
You start resting.
Your magical contamination has completely faded away.
A quokka comes into view.
Aim: a quokka (hasn't noticed you)
You miscast Magic Dart.
You are very lightly contaminated with residual magic.
Nothing appears to happen.
Aim: a quokka The magic dart hits the quokka.
Aim: a quokka (heavily wounded)
The magic dart hits the quokka.
Aim: a quokka (severely wounded)
The magic dart hits the quokka.
Aim: a quokka (severely wounded)
The searing ray misses the quokka. (Press . to maintain the ray.)
A goblin comes into view. It is wielding a dagger.
Aim: a quokka (severely wounded)
The magic dart hits the quokka.
You kill the quokka!
The goblin shouts!
A hobgoblin comes into view. It is wielding a club.
Aim: a goblin, wielding a dagger The magic dart hits the goblin.
You kill the goblin!
You don't know that spell.
You barely miss the hobgoblin. The hobgoblin closely misses you.
You closely miss the hobgoblin. The hobgoblin hits you with a club.
You barely miss the hobgoblin. The hobgoblin hits you with a club.
You barely miss the hobgoblin. The hobgoblin hits you with a club.
* * * LOW HITPOINT WARNING * * *
You hit the hobgoblin. The hobgoblin hits you with a club.
* * * LOW HITPOINT WARNING * * *
You closely miss the hobgoblin. The hobgoblin hits you with a club.
* * * LOW HITPOINT WARNING * * *
You hit the hobgoblin but do no damage. The hobgoblin hits you with a club.
You die...

.....###.##...###.#
.###..............# .#
#####.###.######
.#######.# #.#
.........###'##
.##########...## .###
##.....## .#.##
#......g##
....####........@#
.......+.........'))....
....####.........####...
...## ##.......## ##.#
##..[..## #.# ##...####
#.# #######+##..
##.###.....#.##.#
#....#.....#.##.####


You could see a hobgoblin.

Vanquished Creatures
  5 bats (D:1)
  A giant cockroach (D:1)
  3 hobgoblins
  A quokka (D:2)
  A frilled lizard (D:1)
  3 goblins
  2 kobolds (D:1)
  4 rats
20 creatures vanquished.

Notes
Turn   | Place    | Note
-------+----------+-------------------------------------------
     0 | D:1      | Ignatius881 the Deep Elf Conjurer began the quest for the Orb.
     0 | D:1      | Reached XP level 1. HP: 10/10 MP: 6/6
   448 | D:1      | Reached XP level 2. HP: 15/15 MP: 5/8
   478 | D:1      | Learned a level 2 spell: Searing Ray
  1264 | D:2      | Slain by a hobgoblin

Action                   || total
-------------------------++-------
Melee: Dagger            ||     7
 Cast: Magic Dart        ||    29
       Searing Ray       ||     4
  Eat: Chunk             ||     1
Dodge: Dodged            ||     4
